 Dungeon Crawl Stone Soup version 0.24.1 (webtiles) character file.

Game seed: 7063973493255692861, levelgen mode: deterministic

160 Destapler the Cudgeler (level 5, -4/32 HPs)
             Began as a Gargoyle Monk on Mar 26, 2020.
             Slain by a gnoll
             ... wielding a +0 club
              (6 damage)
             ... on level 3 of the Dungeon.
             The game lasted 00:11:24 (2629 turns).

Destapler the Cudgeler (Gargoyle Monk)              Turns: 2629, Time: 00:11:24

Health: -4/32      AC:  7    Str: 20    XL:     5   Next: 41%
Magic:  5/5        EV: 10    Int: 11    God:
Gold:   155        SH:  9    Dex: 12    Spells: 4/4 levels left

rFire    . . .     SeeInvis +   s - +0 spear (pierce)
rCold    . . .     Gourm    .   k - +0 shield
rNeg     + . .     Faith    .   o - +0 leather armour
rPois    ∞         Spirit   .   (no helmet)
rElec    +         Reflect  .   (no cloak)
rCorr    .         Harm     .   (no gloves)
MR       .....                  (no boots)
Stlth    ++........             (no amulet)
HPRegen  0.10/turn              p - ring of see invisible
MPRegen  0.09/turn              y - ring of wizardry

@: mighty
A: negative energy resistance 1, electricity resistance, unbreathing,
petrification resistance, rot immunity, AC +4
a: no special abilities


You were on level 3 of the Dungeon.
You were not hungry.

You visited 1 branch of the dungeon, and saw 3 of its levels.
You also visited: Sewer.

You collected 155 gold pieces.

Inventory:

Hand Weapons
 a - a +0 mace
 s - a +0 spear of piercing (weapon)
Missiles
 b - 151 stones (quivered)
Armour
 k - a +0 shield (worn)
 o - a +0 leather armour (worn)
Jewellery
 p - a ring of see invisible (left hand)
 y - a ring of wizardry (right hand)
Scrolls
 f - 2 scrolls of remove curse {unknown}
 i - 4 scrolls of identify {unknown}
 j - a scroll of amnesia {unknown}
 l - 2 scrolls of random uselessness {unknown}
 m - a scroll of fear {unknown}
 n - 3 scrolls of immolation {unknown}
 q - 3 scrolls of teleportation
 t - a scroll of blinking {unknown}
 w - a scroll of noise {unknown}
 x - 2 scrolls of fog {unknown}
 A - a scroll of enchant weapon {unknown}
 D - 2 scrolls of magic mapping {unknown}
Potions
 d - a potion of flight {unknown}
 e - a potion of mutation {unknown}
 g - 2 potions of agility {unknown}
 r - a potion of invisibility {unknown}
 u - 3 potions of curing {unknown}
 v - a potion of haste {unknown}
 z - 2 potions of heal wounds {unknown}
 C - a potion of magic {unknown}
Comestibles
 c - 5 rations
 B - a chunk of flesh


   Skills:
 - Level 3.3 Fighting
 + Level 4.2 Maces & Flails
 - Level 2.4 Dodging
 + Level 4.2 Stealth
 + Level 2.5 Shields


You had 4 spell levels left.
You didn't know any spells.
Your spell library was empty.

Dungeon Overview and Level Annotations

Branches:
Dungeon (3/15)              Sewer (visited)

Altars:
Nemelex Xobeh


Innate Abilities, Weirdness & Mutations

You are resistant to torment.
Your stone body is resilient. (AC +4)
You are immune to poison.
You resist negative energy. (rN+)
You are resistant to electric shocks. (rElec)
You can survive without breathing.
You are immune to petrification.
You are immune to rotting.


Message History

The gnoll closely misses you.
You hit the gnoll.
You kill the gnoll!
You hit the gnoll.
The gnoll is heavily wounded.
The gnoll hits you with a +0 club!
* * * LOW HITPOINT WARNING * * *
You hit the gnoll.
The gnoll is severely wounded.
The gnoll closely misses you.
You closely miss the gnoll.
The gnoll is severely wounded.
The gnoll hits you with a +0 club.
* * * LOW HITPOINT WARNING * * *
The gnoll hits you but does no damage.
You see here 11 gold pieces.
It was a potion of might.
You feel very mighty all of a sudden. The gnoll hits you with a +0 club.
You die...

# #.....#..#####...#
#.#############........# #...##
.....#.......##........# #.....
#. #........)##........#####...##
#..#..#...#....#..###..#.........
#....≈≈≈≈≈....#..###............
##..#≈≈≈≈≈≈≈#..#..#.#..#.........
.....≈≈≈≈≈≈≈≈..g...#...#####...##
.....≈≈≈.≈≈≈[†.#@.###..# #.....
##...≈≈≈≈≈≈≈..##.#.#.#.# #...##
#..#≈≈≈≈≈≈≈#....$)....# #...#
#....≈≈≈≈≈......##.#### ##.##
###..#≈..#......##.# .#
.................... ..
#######.#.......###.# #.........#
###.......#


You could see a gnoll.

Vanquished Creatures
  3 adders
  2 gnolls (D:3)
  4 river rats (Sewer)
  2 oozes
  3 worms
  2 dart slugs (D:3)
  2 leopard geckos
  5 giant cockroaches
  3 goblins
  4 hobgoblins
  4 jackals (D:2)
  7 kobolds (D:2)
  A quokka (D:2)
  3 ball pythons (Sewer)
  4 bats
  10 frilled lizards
  5 rats
64 creatures vanquished.

Notes
Turn   | Place    | Note
-------+----------+-------------------------------------------
     0 | D:1      | Destapler the Gargoyle Monk began the quest for the Orb.
     0 | D:1      | Reached XP level 1. HP: 14/14 MP: 1/1
    76 | D:1      | Reached XP level 2. HP: 9/19 MP: 2/2
   911 | D:2      | Reached XP level 3. HP: 19/23 MP: 3/3
   981 | D:2      | Reached skill level 1 in Shields
  1777 | D:3      | Reached XP level 4. HP: 23/28 MP: 4/4
  1820 | D:3      | Found a sparkling altar of Nemelex Xobeh.
  1933 | D:3      | Found a glowing drain.
  1964 | Sewer    | Entered a sewer
  2299 | Sewer    | Reached XP level 5. HP: 32/32 MP: 5/5
  2629 | D:3      | Slain by a gnoll

Levels and vault maps discovered:
D:1:      co_arrival_square_in_a_square_in_a_square, layout_basic
D:2:      layout_loops_ring, serial_rivers, chequers_serial_rivers_small_b,
          chequers_serial_rivers_room_b, chequers_serial_rivers_marsh,
          chequers_serial_rivers_micro_a, chequers_serial_rivers_micro_d,
          chequers_serial_rivers_small_a
D:3:      layout_loops_cross, overflow_temple_1_default,
          cheibrodos_sewer_entry_drain

Skill      XL: |  1  2  3  4  5 |
---------------+----------------+-----
Stealth        | 3 4 |  4.2
Shields        | 1 2 |  2.5
Maces & Flails | 4 |  4.2
Fighting       | |  3.3
Dodging        | |  2.4

Action                   |  1- 3 |  4- 6 || total
-------------------------+-------+-------++-------
Melee: Mace              |    39 |       ||    39
       Spear             |   100 |   110 ||   210
Throw: Stone             |       |     5 ||     5
  Use: Scroll            |       |     1 ||     1
       Potion            |       |     1 ||     1
 Stab: Sleeping          |     5 |     2 ||     7
  Eat: Chunk             |     3 |     3 ||     6
Armor: Robe              |    17 |       ||    17
       Leather armour    |    29 |    34 ||    63
Dodge: Dodged            |    55 |    27 ||    82
Block: Shield            |    27 |    37 ||    64
